 Dungeon Crawl Stone Soup version 0.24.0-123-gd5b16e6ec5 (webtiles) character file.

Game seed: 9148904238700114618, levelgen mode: deterministic

112 Bergy the Cudgeler (level 4, -1/28 HPs)
             Began as a Gargoyle Fighter on Dec 21, 2019.
             Was an Initiate of Makhleb.
             Slain by Prince Ribbit (5 damage)
             ... on level 5 of the Dungeon.
             The game lasted 00:06:24 (2035 turns).

Bergy the Cudgeler (Gargoyle Fighter)               Turns: 2035, Time: 00:06:25

Health: -1/28      AC: 10    Str: 20    XL:     4   Next: 93%
Magic:  4/4        EV:  7    Int:  9    God:    Makhleb [......]
Gold:   126        SH:  9    Dex:  9    Spells: 3/3 levels left

rFire    . . .     SeeInvis .   a - +0 flail
rCold    . . .     Gourm    .   c - +0 shield
rNeg     + . .     Faith    .   b - +0 scale mail
rPois    ∞         Spirit   .   (no helmet)
rElec    +         Reflect  .   (no cloak)
rCorr    .         Harm     .   (no gloves)
MR       .....                  (no boots)
Stlth    ..........             (no amulet)
HPRegen  0.09/turn              (no ring)
MPRegen  0.09/turn              (no ring)

@: no status effects
A: negative energy resistance 1, electricity resistance, unbreathing,
petrification resistance, rot immunity, AC +3
a: Renounce Religion


You were on level 5 of the Dungeon.
You worshipped Makhleb.
Makhleb was noncommittal.
You were not hungry.

You visited 2 branches of the dungeon, and saw 6 of its levels.

You collected 126 gold pieces.

Inventory:

Hand Weapons
 a - a +0 flail (weapon)
Armour
 b - a +0 scale mail (worn)
 c - a +0 shield (worn)
Jewellery
 p - a cursed amulet of inaccuracy {unknown}
Scrolls
 e - 2 scrolls of fear {unknown}
 g - a scroll of blinking {unknown}
 h - 3 scrolls of teleportation {unknown}
 i - a scroll of identify {unknown}
 j - a scroll of immolation {unknown}
 k - 2 scrolls of enchant armour {unknown}
 n - 3 scrolls of magic mapping {unknown}
 o - 2 scrolls of remove curse {unknown}
Potions
 d - a potion of might
 l - a potion of haste {unknown}
 m - 2 potions of flight {unknown}
 q - 2 potions of curing {unknown}
 r - a potion of heal wounds {unknown}
Comestibles
 f - 7 rations


   Skills:
 - Level 3.2 Fighting
 * Level 4.9 Maces & Flails
 - Level 3.2 Armour
 - Level 3.2 Shields


You had 3 spell levels left.
You didn't know any spells.
Your spell library was empty.

Dungeon Overview and Level Annotations

Branches:
Dungeon (6/15)             Temple (1/1) D:6

Altars:
Ashenzari
Cheibriados
Dithmenos
Fedhas
Gozag
Hepliaklqana
Kikubaaqudgha
Makhleb
Nemelex Xobeh
Okawaru
Qazlal
Ru
Sif Muna
Uskayaw
Vehumet
Wu Jian
Xom
Yredelemnul
Zin
The Shining One

Annotations:
D:5 Prince Ribbit


Innate Abilities, Weirdness & Mutations

You are resistant to torment.
Your stone body is resilient. (AC +3)
You are immune to poison.
You resist negative energy. (rN+)
You are resistant to electric shocks. (rElec)
You can survive without breathing.
You are immune to petrification.
You are immune to rotting.


Message History

You hear the hiss of flowing sand.
There is an entrance to an ossuary on this level.
Hurry and find it before the portal is buried!
Found a ration and a ring mail.
There is a stone staircase leading down here.
You miss Prince Ribbit. Prince Ribbit hits you.
You block Prince Ribbit's attack.
You miss Prince Ribbit. Prince Ribbit hits you.
* * * LOW HITPOINT WARNING * * *
You block Prince Ribbit's attack.
You miss Prince Ribbit. Prince Ribbit hits you.
* * * LOW HITPOINT WARNING * * *
Prince Ribbit barely misses you.
Your scale mail prevents you from hitting Prince Ribbit.
Prince Ribbit hits you but does no damage.
You sock Prince Ribbit!
Prince Ribbit is heavily wounded.
Prince Ribbit hits you.
* * * LOW HITPOINT WARNING * * *
Prince Ribbit hits you.
You die...

##### #....
#...# ...#
##..#
#..####F..#
#.....@.%#
##.....[..#
#######....#
#..... ..#..
.# . #


You could see Prince Ribbit.

Vanquished Creatures
  4 adders (D:2)
  2 shadow imps (D:6)
  A worm (D:2)
  A dart slug (D:1)
  A leopard gecko (D:2)
  2 giant cockroaches
  6 goblins
  8 hobgoblins
  7 jackals
  A quokka (D:2)
  A ball python (D:1)
  7 bats
  3 frilled lizards
  5 kobolds
  5 rats
54 creatures vanquished.

Notes
Turn   | Place    | Note
-------+----------+-------------------------------------------
     0 | D:1      | Bergy the Gargoyle Fighter began the quest for the Orb.
     0 | D:1      | Reached XP level 1. HP: 14/14 MP: 1/1
   137 | D:1      | Reached XP level 2. HP: 19/19 MP: 2/2
   219 | D:1      | Reached skill level 3 in Maces & Flails
   441 | D:1      | Reached XP level 3. HP: 21/23 MP: 3/3
   869 | D:2      | Reached skill level 4 in Maces & Flails
   875 | D:2      | Reached XP level 4. HP: 24/28 MP: 4/4
  1330 | D:3      | Found a shimmering blue altar of Sif Muna.
  1331 | D:3      | Found a glowing silver altar of Zin.
  1408 | D:3      | You fall into a shaft and drop 3 floors!
  1698 | D:6      | Found a staircase to the Ecumenical Temple.
  1714 | Temple   | Entered the Ecumenical Temple
  1741 | Temple   | Became a worshipper of Makhleb the Destroyer
  2021 | D:6      | Noticed Prince Ribbit
  2030 | D:5      | Entered Level 5 of the Dungeon
  2035 | D:5      | Slain by Prince Ribbit

Levels and vault maps discovered:
D:1:      onia_arrival_handbag, layout_basic
D:2:      layout_rooms
D:3:      layout_rooms, chequers_temple_overflow_statue_of_worship,
          first_ration, minmay_joined_circles
D:5:      layout_layer_cave, kennysheep_little_box, enter_ossuary_3
D:6:      layout_loops_ring, minmay_temple_entry_ruins,
          hangedman_abyss_or_decor_stabs, minmay_fractal_squares_5,
          uniq_prince_ribbit1
Temple:   compressed_dpeg_circular_temple

Skill      XL: |  1  2  3 |
---------------+----------+-----
Maces & Flails | 3 4 |  4.9
Fighting       | |  3.2
Armour         | |  3.2
Shields        | |  3.2

Action                   |  1- 3 |  4- 6 || total
-------------------------+-------+-------++-------
Melee: Flail             |   163 |    88 ||   251
  Eat: Chunk             |       |     2 ||     2
       Ration            |       |     1 ||     1
Armor: Scale mail        |    94 |    37 ||   131
Dodge: Dodged            |    65 |    22 ||    87
Block: Shield            |    87 |    58 ||   145
